[Event "Team 45 45 League T82"]
[Site "Internet Chess Club"]
[Date "2019.09.28"]
[Round "1"]
[White "noblitz-oblige"]
[Black "Kingofknights"]
[Result "1-0"]
[WhiteElo "1526"]
[BlackElo "1589"]
[Opening "Caro-Kann: exchange variation"]
[ECO "B13"]
[Time "08:30:26"]
[TimeControl "2700+45"]

1. e4 c6 2. d4 d5 3. exd5 cxd5 4. Nf3 Nc6 5. h3 Nf6 6. Bd3 e6 7. O-O Qc7 8. Nc3
a6 9. Re1 Be7 10. a3 O-O 11. Be3 Bd7 12. Qd2 Rfc8 13. Bf4 Qd8 14. Re2 Na5 15.
Ne5 Nc4 16. Bxc4 dxc4 17. Rae1 Be8 18. Nd1 c3 19. Nxc3 Qb6 20. Nd1 Nd5 21. Bg3
Bb5 22. Nd3 Qxd4 23. Be5 Qc4 24. b3 Qc6 25. c4 Bxc4 26. bxc4 Qxc4 27. Ne3 Nxe3
28. Qxe3 Bxa3 29. Qg5 g6 30. Qf6 Kf8 31. Qh8+ Ke7 32. Bf6+ Kd7 33. Ne5+ {Black
resigns} 1-0

[Event "Team 45 45 League T82"]
[Site "Internet Chess Club"]
[Date "2019.09.30"]
[Round "1"]
[White "Visin"]
[Black "chesskix"]
[Result "0-1"]
[WhiteElo "1237"]
[BlackElo "1320"]
[Opening "Sicilian defense"]
[ECO "B34"]
[Time "13:00:42"]
[TimeControl "2700+45"]

1. e4 c5 2. Nf3 Nc6 3. d4 cxd4 4. Nxd4 g6 5. Be3 Bg7 6. c3 Nf6 7. Nd2 O-O 8. f4
d6 9. h3 e5 10. N4f3 Nh5 11. f5 Ng3 12. Rh2 a6 13. Bf2 Nh5 14. g4 Nf4 15. h4 b5
16. Qc2 Bb7 17. Be3 Rc8 18. Bxf4 exf4 19. O-O-O Ne5 20. g5 Ng4 21. Nb3 Ne3 22.
Qd3 Nxd1 23. Kxd1 Qc7 24. f6 Bh8 25. h5 Rfe8 26. hxg6 fxg6 27. Bh3 Bxe4 28. Qe2
Bf5 29. Qd2 Bxh3 30. Qd5+ Be6 31. Qxd6 {White resigns} 0-1

[Event "Team 45 45 League T82"]
[Site "Internet Chess Club"]
[Date "2019.09.27"]
[Round "1"]
[White "OGO"]
[Black "rkjulianjr"]
[Result "0-1"]
[WhiteElo "1221"]
[BlackElo "1335"]
[Opening "QGD Slav: Slav gambit"]
[ECO "D15"]
[Time "13:01:06"]
[TimeControl "2700+45"]

1. d4 d5 2. c4 c6 3. Nc3 Nf6 4. Nf3 dxc4 5. e4 b5 6. a4 b4 7. e5 bxc3 8. exf6
exf6 9. bxc3 Be6 10. Be2 c5 11. O-O Be7 12. Be3 Nc6 13. Qc2 cxd4 14. cxd4 Nb4
15. Qc3 Nd5 16. Qc2 c3 17. Rfb1 O-O 18. Rb7 Bb4 19. Rb1 Qd6 20. Ne1 Rfb8 21.
Rxb8+ Rxb8 22. Nd3 Bf5 23. Qb3 Bxd3 24. Bxd3 Kf8 25. Bc4 Nxe3 26. fxe3 Re8 27.
Kf2 Rb8 28. Bb5 a5 29. d5 Rc8 30. Bc6 Qxh2 31. Rc1 Qh4+ 32. g3 Qh2+ 33. Kf3 Qh5+
34. Kf2 Qf5+ 35. Ke2 Qe5 36. Kf3 Qd6 37. e4 g5 38. Qc2 Rxc6 39. dxc6 Qxc6 40.
Qh2 Kg7 41. Rh1 g4+ 42. Ke2 Qxe4+ 43. Kd1 c2+ 44. Kc1 Ba3+ 45. Kd2 c1=Q+ 46.
Rxc1 Bxc1+ 47. Kxc1 Qxa4 48. Qh5 Qa1+ 49. Kc2 Qa2+ 50. Kd1 Qb3+ 51. Kc1 Qxg3 52.
Qxa5 Qf4+ 53. Kd1 g3 54. Qc3 g2 {White resigns} 0-1

[Event "Team 45 45 League T82"]
[Site "Internet Chess Club"]
[Date "2019.09.28"]
[Round "1"]
[White "Just-Jim"]
[Black "kingsrook"]
[Result "1-0"]
[WhiteElo "1248"]
[BlackElo "1207"]
[Opening "Queen's pawn game"]
[ECO "D02"]
[Time "15:01:37"]
[TimeControl "2700+45"]

1. Nf3 d5 2. d4 e6 3. a3 Nf6 4. Nc3 Nbd7 5. h3 c5 6. Bf4 c4 7. Nb5 Qa5+ 8. Nc3
Be7 9. e3 O-O 10. Be2 Qb6 11. O-O Qxb2 12. Na4 Qb5 13. c3 Qa5 14. Ng5 h6 15. Nf3
b5 16. Nc5 Nxc5 17. dxc5 Bxc5 18. Ne5 Qxc3 19. g4 Bxa3 20. Nc6 Bb7 21. Be5 Qb3
22. Qxb3 cxb3 23. Rxa3 Bxc6 24. Bxf6 gxf6 25. Rxb3 a6 26. Ra1 Rfb8 27. Rba3 Rb6
28. f4 Kg7 29. h4 Kg6 30. h5+ Kg7 31. Kh2 Bd7 32. Bf3 Bc6 33. g5 fxg5 34. fxg5
hxg5 35. Kg3 Kh6 36. Rc1 b4 37. Ra5 b3 38. Rb1 b2 39. Ra2 Rab8 40. Be2 a5 41.
Rxa5 e5 42. Kg4 Bd7+ 43. Kg3 Be6 44. Bg4 Bxg4 45. Kxg4 Rb5 46. Ra6+ R8b6 47. Ra7
f6 48. Kf5 Kxh5 49. Rh7# {Black checkmated} 1-0

[Event "Team 45 45 League T82"]
[Site "Internet Chess Club"]
[Date "2019.09.28"]
[Round "1"]
[White "Bumun"]
[Black "liujf"]
[Result "1-0"]
[WhiteElo "1549"]
[BlackElo "1524"]
[Opening "Sicilian: Smith-Morra gambit"]
[ECO "B21"]
[Time "15:01:02"]
[TimeControl "2700+45"]

1. e4 c5 2. d4 cxd4 3. c3 Nf6 4. e5 Nd5 5. Nf3 Nc6 6. Bc4 Nb6 7. Bb3 e6 8. Bg5
Be7 9. Bxe7 Qxe7 10. cxd4 d5 11. O-O O-O 12. Nc3 f6 13. Re1 fxe5 14. Nxe5 Nxe5
15. Rxe5 Qh4 16. Qd2 Bd7 17. Rae1 Rf6 18. g3 Qg4 19. Bd1 Qg6 20. Bh5 Nc4 21. Qe2
Qh6 22. Bg4 Nxe5 23. Qxe5 Qg6 24. f3 Rc8 25. Nxd5 exd5 26. Bxd7 Rd8 27. Bg4 Rff8
28. b3 Qe8 29. f4 Qxe5 30. dxe5 Rfe8 31. Kf2 Re7 32. Rc1 Rf8 33. Ke3 Rff7 34.
Rc5 Rc7 35. Rxd5 Rc2 36. Rd8+ Rf8 37. Be6+ Kh8 38. Rxf8# {Black checkmated} 1-0

[Event "Team 45 45 League T82"]
[Site "Internet Chess Club"]
[Date "2019.09.28"]
[Round "1"]
[White "dld6928"]
[Black "BrerRabbit"]
[Result "1-0"]
[WhiteElo "1348"]
[BlackElo "1341"]
[Opening "Caro-Kann: two knights, 3...Bg4"]
[ECO "B11"]
[Time "19:01:05"]
[TimeControl "2700+45"]

1. e4 c6 2. Nc3 d5 3. Nf3 Bg4 4. h3 Bxf3 5. Qxf3 Nf6 6. Be2 e6 7. O-O Nbd7 8. d4
dxe4 9. Nxe4 Nxe4 10. Qxe4 Nf6 11. Qd3 Be7 12. Bf4 O-O 13. c3 Rc8 14. a4 Nd5 15.
Bh2 Bd6 16. Bxd6 Qxd6 17. a5 Rfd8 18. Rfe1 Nf4 19. Qf3 Nxe2+ 20. Rxe2 Qd5 21.
Qxd5 Rxd5 22. a6 b6 23. b4 Kf8 24. Kf1 Re8 25. h4 Ke7 26. Rae1 Kd7 27. g3 Kd6
28. Re3 Re7 29. Kg2 c5 30. dxc5+ bxc5 31. Re4 cxb4 32. Rxb4 Ra5 33. Rd1+ Kc6 34.
Rbd4 Rd5 35. Rb1 Rxd4 36. cxd4 Rd7 37. Kf3 Rxd4 38. Rb8 Ra4 39. Rf8 g6 40. Rxf7
Kb6 41. Rb7+ Kxa6 42. Rxh7 Kb6 43. g4 Kc6 44. Rh6 Rb4 45. Rxg6 Rb7 46. Rxe6+ Kb5
47. h5 a5 48. h6 a4 49. Re5+ Kb4 50. Rh5 Rh7 51. g5 a3 52. Rh1 a2 53. Kf4 Rf7+
54. Kg3 Rc7 55. g6 Rc2 56. g7 Rb2 57. g8=Q Rb1 58. Qb8+ Ka3 59. Rxb1 axb1=Q 60.
Qxb1 {Black resigns} 1-0

[Event "Team 45 45 League T82"]
[Site "Internet Chess Club"]
[Date "2019.09.28"]
[Round "1"]
[White "pagliaci"]
[Black "Pawnchain"]
[Result "1/2-1/2"]
[WhiteElo "1267"]
[BlackElo "1451"]
[Opening "KP: Nimzovich defense"]
[ECO "B00"]
[Time "11:01:10"]
[TimeControl "2700+45"]

1. e4 Nc6 2. d4 d5 3. exd5 Qxd5 4. Nf3 Bg4 5. Nc3 Qa5 6. Be2 O-O-O 7. Be3 Nf6 8.
Qd2 e6 9. O-O-O Bb4 10. h3 Bh5 11. a3 Bxc3 12. Qxc3 Qxc3 13. bxc3 Kb8 14. Rhe1
Ne4 15. Ng5 Nxg5 16. Bxg5 Bxe2 17. Bxd8 Bxd1 18. Bxc7+ Kxc7 {Game drawn by
mutual agreement} 1/2-1/2

[Event "Team 45 45 League T82"]
[Site "Internet Chess Club"]
[Date "2019.09.27"]
[Round "1"]
[White "jeffk"]
[Black "isaac13"]
[Result "1-0"]
[WhiteElo "1139"]
[BlackElo "1139"]
[Opening "French: exchange variation"]
[ECO "C01"]
[Time "14:30:04"]
[TimeControl "2700+45"]

1. e4 e6 2. d4 d5 3. exd5 exd5 4. Nf3 Nf6 5. Bb5+ Bd7 6. Bxd7+ Qxd7 7. Ne5 Qe7
8. O-O Nc6 9. Re1 Ne4 10. Bf4 f6 11. Nxc6 bxc6 12. Nd2 f5 13. Nxe4 dxe4 14. Re2
Rb8 15. b3 Qd7 16. f3 Be7 17. fxe4 O-O 18. Qd3 Rb4 19. c3 g5 20. Be5 fxe4 21.
Qxe4 Rbb8 22. Rd1 c5 23. Rdd2 cxd4 24. Rxd4 Qb5 25. Bxc7 Rbe8 26. c4 Bc5 27.
cxb5 Rxe4 28. Rxe4 Bxd4+ 29. Rxd4 h5 30. Rd8 Rxd8 31. Bxd8 Kg7 32. b6 axb6 33.
Bxb6 Kf6 34. b4 Ke6 35. Bc5 Kd7 36. b5 Kc7 37. b6+ Kb7 38. Kf2 g4 39. h3 Kc6 40.
Be3 gxh3 41. gxh3 h4 42. Kf3 Kb7 43. Kg4 Ka6 44. Kxh4 Kb5 45. Kg4 Kc6 46. h4 Kd7
47. h5 {Black resigns} 1-0

[Event "Team 45 45 League T82"]
[Site "Internet Chess Club"]
[Date "2019.09.27"]
[Round "1"]
[White "Balderdash"]
[Black "bardu"]
[Result "0-1"]
[WhiteElo "1333"]
[BlackElo "1342"]
[Opening "Four knights: Italian variation"]
[ECO "C47"]
[Time "09:27:37"]
[TimeControl "2700+45"]

1. e4 e5 2. Nf3 Nc6 3. Nc3 Nf6 4. Bc4 Nxe4 5. Nxe4 d5 6. Bd3 dxe4 7. Bxe4 Bd6 8.
d3 Ne7 9. O-O f5 10. Re1 fxe4 11. Rxe4 O-O 12. Ng5 h6 13. Nf3 Ng6 14. h3 Bf5 15.
Re3 Qf6 16. g4 Bd7 17. h4 Nxh4 18. Nxh4 Qxf2+ 19. Kh1 Qxh4+ 20. Kg1 e4 21. Qe2
Rf1+ 22. Kxf1 Qh1+ 23. Kf2 Rf8+ 24. Rf3 Rxf3+ 25. Qxf3 Qxf3+ 26. Ke1 Bg3+ 27.
Kd2 e3+ 28. Kc3 Be5+ 29. Kb3 Be6+ 30. c4 e2 31. Ka3 Qxd3+ 32. b3 e1=Q 33. Bb2
Qa5# {White checkmated} 0-1

[Event "Team 45 45 League T82"]
[Site "Internet Chess Club"]
[Date "2019.09.29"]
[Round "1"]
[White "guyd52"]
[Black "Andressa"]
[Result "1/2-1/2"]
[WhiteElo "1272"]
[BlackElo "1344"]
[Opening "Réti: King's Indian attack (Barcza system)"]
[ECO "A07"]
[Time "19:10:22"]
[TimeControl "2700+45"]

1. Nf3 d5 2. g3 Nf6 3. Bg2 e6 4. d3 Be7 5. O-O O-O 6. Nbd2 Nbd7 7. Re1 b6 8. e4
dxe4 9. Nxe4 Nxe4 10. Rxe4 Bb7 11. Re1 Bf6 12. c3 c5 13. d4 cxd4 14. Nxd4 Bxg2
15. Kxg2 Qc7 16. Nf3 Rad8 17. Qc2 Qc6 18. Qe4 Qxe4 19. Rxe4 Nc5 20. Re2 Rd5 21.
Be3 Rfd8 22. Bxc5 bxc5 23. Rc1 h6 24. h4 a6 25. Rcc2 a5 26. Nd2 a4 27. Nc4 Rb8
28. a3 Kh7 29. Ne3 Rd3 30. Rcd2 Rbd8 31. Rxd3 Rxd3 32. Nc4 Kg6 33. Nb6 Be7 34.
Nxa4 Rd8 35. Nb6 h5 36. Nc4 Bf6 37. Rd2 Re8 38. Nd6 Rb8 39. Nc4 Re8 40. Nd6 Rb8
41. Nc4 {Game drawn by mutual agreement} 1/2-1/2

[Event "Team 45 45 League T82"]
[Site "Internet Chess Club"]
[Date "2019.09.27"]
[Round "1"]
[White "howah45"]
[Black "Kidpython"]
[Result "1-0"]
[WhiteElo "1215"]
[BlackElo "1087"]
[Opening "Ruy Lopez: Berlin defense"]
[ECO "C65"]
[Time "17:25:31"]
[TimeControl "2700+45"]

1. e4 e5 2. Nf3 Nc6 3. Bb5 Nf6 4. Qe2 Bc5 5. c3 O-O 6. d3 d6 7. O-O h6 8. Rd1
Bg4 9. h3 Bxf3 10. Qxf3 a6 11. Ba4 b5 12. Bb3 Na5 13. Bc2 d5 14. b4 Bb6 15. bxa5
Bxa5 16. Ba3 Re8 17. Bb3 d4 18. Bb4 Bxb4 19. cxb4 Qe7 20. a3 c5 21. bxc5 Qxc5
22. Nd2 a5 23. Rdc1 Qb6 24. Rab1 Qa6 25. Qf5 Rac8 26. Nf3 b4 27. axb4 axb4 28.
Bc4 Qa3 29. Bxf7+ Kxf7 30. Rxc8 Rxc8 31. Qxc8 b3 32. Qb7+ Kg6 33. Qxb3 Qxb3 34.
Rxb3 Kh7 35. Nxe5 g6 36. Rb7+ Kg8 37. Nxg6 Nxe4 38. dxe4 d3 39. Rd7 h5 40. Rxd3
h4 41. Nxh4 Kg7 42. Rd6 Kg8 43. e5 Kf8 44. Rd7 Ke8 45. Ra7 Kd8 46. e6 Ke8 47.
Ng6 Kd8 48. e7+ Ke8 49. Ra8+ Kf7 50. e8=Q+ Kf6 51. Ra5 Kg7 52. Qf8+ Kxg6 53.
Qd6+ Kf7 54. Ra7+ Ke8 55. Qb8# {Black checkmated} 1-0